 Dungeon Crawl Stone Soup version 0.26-a0-771-g060e6a62af (webtiles) character file.

Game seed: 8115351533282255124

569 Melum the Fighter (level 7, 0/71 HPs)
             Began as a Minotaur Monk on Nov 9, 2020.
             Slain by an ogre
             ... wielding a cursed +0 giant spiked club
              (29 damage)
             ... on level 4 of the Dungeon.
             The game lasted 00:12:41 (4473 turns).

Melum the Fighter (Minotaur Monk)                   Turns: 4473, Time: 00:12:42

Health: 0/71       AC:  8    Str: 18    XL:     7   Next: 11%
Magic:  6/6        EV:  8    Int:  7    God:
Gold:   280        SH:  0    Dex: 18    Spells: 6/6 levels left

rFire    . . .     SeeInvis .   m - +2 short sword (elec)
rCold    . . .     Faith    .   (no shield)
rNeg     . . .     Spirit   .   s - +0 chain mail
rPois    .         Reflect  .   (helmet restricted)
rElec    .         Harm     .   (no cloak)
rCorr    .         Rampage  .   (no gloves)
MR       .....                  (no boots)
Stlth    ..........             q - amulet of magic regeneration
HPRegen  0.21/turn              n - +6 ring of dexterity
MPRegen  0.35/turn              (no ring)

@: no status effects
A: retaliatory headbutt, horns 2
a: no special abilities


You were on level 4 of the Dungeon.
You visited 1 branch of the dungeon, and saw 4 of its levels.
You also visited: Sewer.

You collected 280 gold pieces.

Inventory:

Hand Weapons
 a - a +0 hand axe
 m - a +2 short sword of electrocution (weapon)
 v - a +0 falchion
 w - a +4 hunting sling of flaming
Missiles
 b - 18 poisoned darts (quivered)
Armour
 s - a +0 chain mail (worn)
 C - the cursed +1 robe of Distant Shores {SInv, unknown}
   (You found it on level 4 of the Dungeon)

   It lets you see invisible.
   It has a curse placed upon it.
Jewellery
 n - a +6 ring of dexterity (left hand)
 q - an amulet of magic regeneration (around neck)
Wands
 i - a wand of flame (18)
Scrolls
 c - 6 scrolls of teleportation {unknown}
 d - 3 scrolls of blinking {unknown}
 g - 2 scrolls of identify {unknown}
 j - a scroll of random uselessness {unknown}
 k - a scroll of enchant weapon {unknown}
 r - a scroll of amnesia {unknown}
 u - 2 scrolls of remove curse {unknown}
 y - a scroll of fog {unknown}
Potions
 e - 3 potions of curing {unknown}
 f - 2 potions of haste {unknown}
 h - a potion of flight {unknown}
 l - 3 potions of magic {unknown}
 o - a potion of ambrosia {unknown}
 p - a potion of degeneration {unknown}
 t - a potion of cancellation {unknown}
 x - 2 potions of brilliance {unknown}
 z - a potion of might {unknown}
 A - a potion of heal wounds {unknown}
 B - 2 potions of berserk rage {unknown}
 D - a potion of lignification {unknown}


   Skills:
 + Level 9.8 Fighting
 - Level 3.6 Axes
 - Level 3.2 Dodging
 - Level 1.5 Stealth


You had 6 spell levels left.
You didn't know any spells.
Your spell library contained the following spells:

 Spells                   Type           Power        Failure   Level
 Beastly Appendage        Tmut           #.....       100%        1
 Wereblood                Tmut           #.......     100%        2
 Spider Form              Tmut/Pois      #.........   100%        3
 Ice Form                 Ice/Tmut       #.......     100%        4
 Blade Hands              Tmut           #.........   100%        5


Dungeon Overview and Level Annotations

Branches:
Dungeon (4/15)              Sewer (visited)
 Temple: D:4-7

Altars:
Dithmenos
Kikubaaqudgha
Qazlal
Trog


Innate Abilities, Weirdness & Mutations

You reflexively headbutt those who attack you in melee.
You have a pair of horns on your head.


Message History

Done exploring.
Press: ? - help, v - describe, . - travel The floor.
The ogre shouts!
You barely miss the ogre. You headbutt the ogre!
The ogre is heavily wounded.
The ogre hits you with a cursed +0 giant spiked club!
You barely miss the ogre.
The ogre is heavily wounded.
The ogre hits you with a cursed +0 giant spiked club!!
You hit the ogre.
The ogre is heavily wounded.
The ogre hits you with a cursed +0 giant spiked club!
* * * LOW HITPOINT WARNING * * *
You barely miss the ogre.
The ogre is heavily wounded.
You puncture the ogre!
The ogre is severely wounded.
The ogre hits you with a cursed +0 giant spiked club!!
You die...

.# ########.####.###.#######. .#
#.....##...<..............
.#######.###.##.......##.#######.
.........# #.....[....##.## #.
.####....###.##......##...#### #.
........................#....# #.
.####.###.###......####...##.# #.
.# #.###.###.#O#..#####.###.# #.
.## #.##...##.#.@........# #.# #.
..###.#.....#.###..####### #†# #.
..............###..#########.###.
...........................).....
.##...........###..........#.###.
###^..###...#.# #..#########.# #.
......# #.....###...### #.# #.
###...###.##..........# #.###.
###.......##.####.###.######.##..


You could see an ogre.

Vanquished Creatures
  An ogre (D:4)
  A water moccasin zombie (D:4)
  2 vampire bats (D:2)
  A howler monkey (D:4)
  2 hounds (D:4)
  An iguana (D:4)
  Robin (D:4)
  A howler monkey skeleton (D:4)
  5 adders
  3 river rats
  An ooze (D:1)
  4 worms
  A dart slug (D:1)
  6 leopard geckos
  3 orcs
  7 ball pythons
  4 bat skeletons (D:2)
  2 bat zombies (D:2)
  3 giant cockroaches
  26 goblins
  7 hobgoblins
  6 kobolds
  3 quokkas
  5 bats
  10 frilled lizards
  A leopard gecko skeleton (D:4)
  9 rats
116 creatures vanquished.

Notes
Turn   | Place    | Note
-------+----------+-------------------------------------------
     0 | D:1      | Melum the Minotaur Monk began the quest for the Orb.
     0 | D:1      | Reached XP level 1. HP: 19/19 MP: 0/0
    54 | D:1      | Reached skill level 4 in Fighting
    60 | D:1      | Reached XP level 2. HP: 9/28 MP: 1/1
   485 | D:1      | Reached skill level 5 in Fighting
   640 | D:1      | Reached XP level 3. HP: 36/36 MP: 2/2
  1668 | D:2      | Reached skill level 6 in Fighting
  1668 | D:2      | Reached XP level 4. HP: 35/44 MP: 3/3
  1796 | D:2      | Found an ancient bone altar of Kikubaaqudgha.
  1803 | D:2      | Reached skill level 7 in Fighting
  1803 | D:2      | Reached XP level 5. HP: 48/52 MP: 4/4
  2253 | D:3      | Found a bloodstained altar of Trog.
  2648 | D:3      | Found a shadowy altar of Dithmenos.
  3268 | D:4      | Reached skill level 8 in Fighting
  3318 | D:4      | Noticed an ogre
  3320 | D:4      | Noticed an ogre
  3336 | D:4      | Killed an ogre
  3336 | D:4      | Reached XP level 6. HP: 4/62 MP: 5/5
  3412 | D:4      | Reached skill level 9 in Fighting
  3486 | D:4      | Noticed Robin
  3496 | D:4      | Killed Robin
  3557 | D:4      | Found a glowing drain.
  3578 | Sewer    | Entered a sewer
  3841 | Sewer    | Reached XP level 7. HP: 70/70 MP: 6/6
  4173 | D:4      | Got a heavy robe
  4241 | D:4      | Found a stormy altar of Qazlal.
  4473 | D:4      | Slain by an ogre

Illustrated notes

Levels and vault maps discovered:
D:1:      minmay_arrival_radiant_lines, layout_loops_ring
D:2:      layout_loops_corners, kennysheep_vampire_church, hex_medium
D:3:      kennysheep_the_goblin_king, layout_basic,
          nicolae_overflow_crystal_walls, grunt_dithmenos_smoke
D:4:      layout_loops_ring, grunt_qazlal_sundering, gup_sewer_entry_bowl,
          due_unseen_surprise, uniq_robin

Skill      XL: |  1  2  3  4  5  6 |
---------------+-------------------+-----
Fighting       | 4 5 6 7 8 9 |  9.8
Axes           | |  3.6
Dodging        | |  3.2
Stealth        | |  1.5

Action                   |  1- 3 |  4- 6 |  7- 9 || total
-------------------------+-------+-------+-------++-------
Melee: Hand axe          |    85 |       |       ||    85
       Headbutt          |    19 |    19 |     6 ||    44
       Short sword       |    15 |   114 |    30 ||   159
Evoke: Wand              |       |     1 |       ||     1
 Stab: Sleeping          |     5 |       |       ||     5
Armor: Robe              |     8 |       |       ||     8
       Ring mail         |    16 |    17 |       ||    33
       Chain mail        |       |    54 |    10 ||    64
Dodge: Dodged            |    58 |    71 |     8 ||   137

Table legend: (Time is in decaauts)
 A = Elapsed time spent in this place.
 B = Non-inter-level travel time spent in this place.
 C = Inter-level travel time spent in this place.
 D = Time resting spent in this place.
 E = Time spent auto-exploring this place.
 F = Levels seen in this place.
 G = Mean time per level.
                   A        B        C        D        E       F      G
               +--------+--------+--------+--------+--------+-----+--------+
         Total |   4564 |   4406 |    158 |    183 |   3198 |   5 |  912.8 |
       Dungeon |   3982 |   3824 |    158 |      7 |   3052 |   4 |  995.5 |
         Sewer |    582 |    582 |      0 |    176 |    145 |   1 |  582.0 |
               +--------+--------+--------+--------+--------+-----+--------+

Top non-repeatable levels by time:
     D:2: 1202 daAuts
     D:3: 1070 daAuts
     D:1: 991 daAuts
     D:4: 717 daAuts
   Sewer: 582 daAuts
